 Seeded DCSS version 0.27-a0-1193-g8631133539 (webtiles) character file.

Game seed: 13139434240342159461 (custom seed)

451 streetpizza the Shield-Bearer (level 7, 0/56 HPs)
             Began as a Formicid Fighter on May 25, 2021.
             Was an Initiate of Okawaru.
             Slain by an orc warrior
             ... wielding a +0 battleaxe
              (9 damage)
             ... on level 5 of the Dungeon.
             The game lasted 00:11:42 (4874 turns).

streetpizza the Shield-Bearer (Formicid Fighter)    Turns: 4874, Time: 00:11:42

Health: 0/56       AC: 12    Str: 20    XL:     7   Next: 25%
Magic:  7/7        EV:  8    Int:  8    God:    Okawaru [......]
Gold:   210        SH: 14    Dex: 12    Spells: 6/6 levels left

rFire    . . .     SeeInvis +   a - +0 long sword
rCold    . . .     Faith    .   c - +0 kite shield
rNeg     . . .     Spirit   .   b - +0 scale mail
rPois    +         Reflect  .   (helmet unavailable)
rElec    .         Harm     .   (no cloak)
rCorr    .         Rampage  .   (no gloves)
Will     .....                  x - +0 pair of boots
Stlth    ..........             (no amulet)
HPRegen  0.18/turn              l - +4 ring of protection
MPRegen  0.10/turn              r - ring of poison resistance

@: no status effects
A: permanent stasis, dig shafts and tunnels, antennae 3, four strong arms, large
bone plates 1
a: Dig, Shaft Self, Renounce Religion


You were on level 5 of the Dungeon.
You worshipped Okawaru.
Okawaru was noncommittal.
You visited 2 branches of the dungeon, and saw 6 of its levels.

You collected 210 gold pieces.

Inventory:

Hand Weapons
 a - a +0 long sword (weapon)
Missiles
 o - 5 poisoned darts
Armour
 b - a +0 scale mail (worn)
 c - a +0 kite shield (worn)
 x - a +0 pair of boots (worn)
Jewellery
 l - a +4 ring of protection (left hand)
 r - a ring of poison resistance (right hand)
Wands
 n - a wand of polymorph (6)
 v - a wand of iceblast (9)
Scrolls
 e - 2 scrolls of fog {unknown}
 f - a scroll of brand weapon {unknown}
 i - 2 scrolls of vulnerability {unknown}
 m - 3 scrolls of blinking {unknown}
 p - a scroll of fear {unknown}
 s - a scroll of noise {unknown}
 t - 2 scrolls of torment {unknown}
 w - a scroll of teleportation {unknown}
 y - a scroll of enchant armour {unknown}
Potions
 d - 2 potions of might
 g - 2 potions of lignification {unknown}
 h - a potion of curing
 j - a potion of mutation
 k - a potion of haste
 q - a potion of invisibility {unknown}
 z - 2 potions of attraction {unknown}


   Skills:
 + Level 5.0 Fighting
 + Level 4.0 Long Blades
 + Level 5.1 Armour
 + Level 5.5 Shields


You had 6 spell levels left.
You didn't know any spells.
Your spell library contained the following spells:

 Spells                   Type           Power      Damage    Failure   Level
 Freeze                   Ice            0%         1d3       94%         1
 Frozen Ramparts          Ice            0%         1d2       100%        3
 Ozocubu's Armour         Ice            0%         N/A       100%        3
 Hailstorm                Conj/Ice       0%         3d3       100%        4
 Metabolic Englaciation   Hex/Ice        0%         N/A       100%        5


Dungeon Overview and Level Annotations

Branches:
Dungeon (5/15)             Temple (1/1) D:5

Altars:
Ashenzari
Elyvilon
Fedhas
Gozag
Hepliaklqana
Kikubaaqudgha
Makhleb
Nemelex Xobeh
Okawaru
Qazlal
Ru
Sif Muna
Uskayaw
Vehumet
Wu Jian
Xom
Yredelemnul
The Shining One


Innate Abilities, Weirdness & Mutations

You cannot be hasted, slowed, berserked, paralysed or teleported.
You can dig through walls and to a lower floor.
You have a pair of large antennae on your head. (SInv)
Your four strong arms can wield two-handed weapons with a shield.
You are partially covered in large bone plates. (SH +4)


Message History

The orc wizard hits you but does no damage.
The orc warrior hits you with a +0 battleaxe!
You bump into the rock wall.
The orc wizard hits you but does no damage.
The orc warrior hits you with a +0 battleaxe!
* * * LOW HITPOINT WARNING * * *
Unknown command.
It was a potion of haste.
Your stasis prevents you from being hasted.
The orc wizard hits you with a +0 dagger.
* * * LOW HITPOINT WARNING * * *
The orc warrior hits you with a +0 battleaxe.
* * * LOW HITPOINT WARNING * * *
It was a potion of heal wounds.
You feel much better. The orc wizard barely misses you.
The orc warrior barely misses you.
It was a potion of mutation.
You feel extremely strange.
Large bone plates grow over parts of your arms.
The orc wizard closely misses you.
The orc warrior hits you with a +0 battleaxe!
* * * LOW HITPOINT WARNING * * *
It was a potion of curing.
You feel better. The orc wizard barely misses you.
The orc warrior hits you with a +0 battleaxe!
* * * LOW HITPOINT WARNING * * *
You closely miss the orc wizard.
The orc wizard is almost dead.
The orc wizard hits you but does no damage.
The orc warrior hits you with a +0 battleaxe.
* * * LOW HITPOINT WARNING * * *
The orc wizard barely misses you.
Unknown command.
You completely miss the orc wizard.
The orc wizard is almost dead.
You block the orc warrior's attack. The orc wizard casts a spell at you.
The magic dart hits you but does no damage.
Unknown command.
You miss the orc wizard.
The orc wizard is almost dead.
The orc warrior hits you with a +0 battleaxe!
You die...

#......o.#.....#'###.#
#.......{#.....#.###.#
######...o....##.#...#
#.......#.......#
#.......#.....#.#
#..##.#.#.....#.#
#........#.#.#{#.#.#
####.###.####o#.#.#.#.#
#....# #..# #@#.....#.# {
#....# ##.###o###.###.#
#....# ##..##.........# . #
#....# #......#...#####.# #
#....###......#...#####.# #
#†...'........#...#.....#
####....###......#<..#.....#
'........#####..##...#.....#
########.#####..##...#.....#


You could see an orc warrior and an orc wizard.

Vanquished Creatures
  A phantom (D:5)
  A scorpion (D:4)
  2 hounds (D:5)
  A jelly (D:4)
  An orc priest (D:5)
  An iguana (D:5)
  An orc wizard (D:5)
  5 adders
  2 adder skeletons (D:4)
  3 worms
  A dart slug (D:3)
  6 orcs
  7 bats
  3 endoplasms
  3 giant cockroaches
  2 hobgoblins (D:1)
  4 kobolds
  3 quokkas
  8 ball pythons
  4 frilled lizards
  6 goblins
  5 rats
70 creatures vanquished.

Vanquished Creatures (others)
  An orc wizard (D:3)
1 creature vanquished.

Grand Total: 71 creatures vanquished

Notes
Turn   | Place    | Note
-------+----------+-------------------------------------------
     0 | D:1      | streetpizza the Formicid Fighter began the quest for the
                  | Orb.
     0 | D:1      | Reached XP level 1. HP: 18/18 MP: 1/1
   132 | D:1      | Reached XP level 2. HP: 21/24 MP: 2/2
   508 | D:1      | Found a faded altar of an unknown god.
  1030 | D:2      | Reached XP level 3. HP: 29/29 MP: 3/3
  1912 | D:3      | Reached XP level 4. HP: 37/37 MP: 4/4
  1922 | D:3      | Found a white marble altar of Elyvilon.
  2732 | D:3      | Found an ornate altar of the Wu Jian Council.
  2884 | D:4      | Noticed a scorpion
  2891 | D:4      | Killed a scorpion
  2892 | D:4      | Reached XP level 5. HP: 35/42 MP: 5/5
  3270 | D:4      | Reached XP level 6. HP: 30/49 MP: 6/6
  3630 | D:4      | Reached skill level 5 in Shields
  3686 | D:5      | Entered Level 5 of the Dungeon
  3996 | D:5      | Noticed an orc warrior
  4151 | D:5      | Found an iron altar of Okawaru.
  4153 | D:5      | Found a shimmering blue altar of Sif Muna.
  4153 | D:5      | Found a hide-covered altar of Uskayaw.
  4156 | D:5      | Became a worshipper of Warmaster Okawaru
  4228 | D:5      | Reached XP level 7. HP: 20/55 MP: 7/7
  4426 | D:5      | Found a staircase to the Ecumenical Temple.
  4438 | Temple   | Entered the Ecumenical Temple
  4551 | D:5      | Reached skill level 5 in Fighting
  4551 | D:5      | Reached skill level 5 in Armour
  4870 | D:5      | Gained mutation: You are partially covered in large bone
                  | plates. (SH +4) [potion of mutation]
  4874 | D:5      | Slain by an orc warrior

Illustrated notes

Levels and vault maps discovered:
D:1:      ncdulo_smallfort, layout_basic, shapermc_ecumenical_altar_notcrosses,
          minmay_strange_pillars
D:2:      layout_basic
D:3:      layout_basic, elyvilon_altar_3, nzn_wu_jian_council_hall,
          minmay_fractal_squares_gapless_5
D:4:      layout_loops_ring
D:5:      layout_basic, minitemple, minmay_temple_entry_offerings
Temple:   cyrus_circular_temple

Skill      XL: |  1  2  3  4  5  6  7 |
---------------+----------------------+-----
Shields        | 4 5 |  5.5
Fighting       | 4 5 |  5.0
Armour         | 4 5 |  5.1
Long Blades    | 3 4 |  4.0

Action                   |  1- 3 |  4- 6 |  7- 9 || total
-------------------------+-------+-------+-------++-------
Melee: Long sword        |   112 |   145 |    50 ||   307
  Use: Potion            |       |       |     4 ||     4
Armor: Scale mail        |    47 |    69 |    28 ||   144
Dodge: Dodged            |    36 |    46 |    16 ||    98
Block: Kite shield       |    70 |    81 |    22 ||   173
       Rpst.: Long sword |    10 |    11 |     1 ||    22

Table legend: (Time is in decaauts)
 A = Elapsed time spent in this place.
 B = Non-inter-level travel time spent in this place.
 C = Inter-level travel time spent in this place.
 D = Time resting spent in this place.
 E = Time spent auto-exploring this place.
 F = Levels seen in this place.
 G = Mean time per level.
                   A        B        C        D        E       F      G
               +--------+--------+--------+--------+--------+-----+--------+
         Total |   4999 |   4897 |    102 |    204 |   3685 |   6 |  833.2 |
       Dungeon |   4940 |   4838 |    102 |    204 |   3641 |   5 |  988.0 |
        Temple |     58 |     58 |      0 |      0 |     44 |   1 |   58.0 |
               +--------+--------+--------+--------+--------+-----+--------+

Top non-repeatable levels by time:
     D:5: 1132 daAuts
     D:1: 1047 daAuts
     D:4: 953 daAuts
     D:2: 909 daAuts
     D:3: 898 daAuts
  Temple: 58 daAuts
